Map: Ice and Chrome LE

Players

Freeman

  • Race: Zerg Zerg
  • Spawn Location: 7:00

NAIL - Winner!

  • Race: Zerg Zerg
  • Spawn Location: 1:00

VOD

Have the link to the VOD?

Description

Time

  • Played on: June 27, 2020, 10:14 a.m.
  • Length: 12:11
Show
View Real Time Build Order
Export as new Build Order

Freeman Zerg 

Build Orders:  

Get SALT Encoding   

  12  0:00  Drone  
  13  0:12  Overlord  
  13  0:16  Drone  
  14  0:31  Drone x2  
  16  0:42  Spawning Pool  
  15  0:45  Drone  
  15  0:48  Drone  
  17  0:56  Drone  
  18  1:00  Extractor  
  17  1:14  Hatchery  
  16  1:29  Zergling x6  
  16  1:32  Queen  
  21  1:41  Overlord  
  21  2:02  Drone x2  
  21  2:05  Metabolic Boost  
  23  2:10  Queen  
  25  2:21  Drone  
  25  2:37  Baneling Nest, Drone  
  25  2:40  Drone x3  
  27  2:47  Drone x3  
  29  2:57  Zergling x2  
  30  3:07  Hatchery  
  30  3:10  Zergling x2  
  30  3:12  Zergling x2  
  31  3:17  Overlord  
  31  3:35  Zergling x12  
  35  3:49  Zergling x4  
  35  3:50  Zergling x8  
  38  3:55  Baneling x2  
  36  4:05  Baneling x2  
  36  4:06  Zergling x8  
  34  4:11  Baneling  
  34  4:12  Baneling  
  33  4:24  Zergling x2  
  34  4:39  Drone  
  34  4:44  Drone x4  
  34  4:45  Drone  
  40  4:46  Drone  
  37  5:00  Drone x4  
  37  5:01  Drone  
  40  5:20  Drone  
  40  5:21  Drone x3  
  42  5:26  Lair  
  40  5:31  Queen, Drone x2  
  40  5:32  Drone  
  45  5:36  Overlord  
  45  5:37  Queen  
  47  5:43  Zergling x4  
  49  5:56  Extractor  
  48  5:58  Drone x5  
  48  5:59  Drone  
  48  6:01  Overlord  
  54  6:05  Drone x2  
  54  6:10  Drone  
  57  6:14  Extractor  
  56  6:23  Drone x2, Overlord  
  56  6:24  Extractor  
  57  6:26  Drone, Spire  
  57  6:27  Drone  
  57  6:28  Drone, Extractor  
  57  6:30  Drone x2  
  60  6:34  Spine Crawler  
  60  6:37  Drone  
  60  6:38  Drone x2, Spine Crawler  
  61  6:43  Baneling x3  
  61  6:49  Drone x4  
  61  6:50  Zergling x8  
  61  6:51  Zergling x4  
  71  7:02  Drone x3, Extractor  
  73  7:13  Overlord x3  
  73  7:14  Overlord  
  73  7:21  Overlord, Evolution Chamber  
  73  7:22  Overlord  
  72  7:37  Spore Crawler  
  72  7:38  Drone  
  72  7:40  Mutalisk x8  
  72  7:41  Mutalisk  
  72  7:42  Spore Crawler  
  89  7:46  Drone  
  89  7:49  Mutalisk  
  89  7:50  Spore Crawler  
  91  7:52  Drone x3  
  91  7:55  Mutalisk  
  96  7:59  Overlord  
  96  8:00  Mutalisk  
  98  8:05  Mutalisk  
  98  8:10  Overlord  
  92  8:24  Mutalisk x3  
  95  8:32  Queen  
  95  8:33  Mutalisk  
  95  8:36  Hatchery  
  96  8:44  Mutalisk x2  
  98  8:55  Mutalisk x2  
  98  8:57  Drone x4  
  98  8:59  Zergling x12  
  98  9:00  Zergling x4  
  110  9:09  Baneling, Mutalisk x2  
  112  9:30  Zerg Flyer Weapons Level 1  
  111  9:34  Queen  
  111  9:35  Mutalisk x3  
  118  9:39  Extractor  
  111  9:47  Mutalisk x2  
  99  10:02  Mutalisk x2  
  99  10:04  Drone x2  
  99  10:05  Drone x4  
  99  10:06  Drone  
  99  10:07  Drone x2  
  104  10:08  Queen x2  
  108  10:16  Extractor  
  108  10:17  Mutalisk x3  
  108  10:19  Drone x2  
  108  10:20  Drone  
  116  10:31  Mutalisk x2  
  116  10:34  Baneling  
  111  10:42  Mutalisk  
  103  10:52  Mutalisk  
  103  10:53  Mutalisk  
  103  10:54  Zergling x2  
  103  10:55  Zergling x16  
  81  11:11  Mutalisk  
  81  11:12  Mutalisk x2  
  81  11:15  Zergling x8  
  68  11:23  Queen, Drone  
  68  11:29  Mutalisk x2  
  72  11:35  Mutalisk  
  74  11:40  Drone, Mutalisk  
  67  12:04  Hatchery  
Show
View Real Time Build Order
Export as new Build Order

NAIL Zerg - Winner!

Build Orders:  

Get SALT Encoding   

  12  0:01  Drone  
  13  0:07  Drone  
  14  0:17  Overlord  
  14  0:21  Extractor  
  14  0:23  Drone  
  15  0:35  Drone  
  16  0:48  Hatchery  
  15  0:51  Drone  
  15  0:54  Drone  
  17  0:57  Drone  
  18  1:08  Extractor  
  17  1:13  Spawning Pool  
  17  1:15  Drone  
  17  1:19  Drone  
  18  1:26  Drone  
  19  1:37  Drone  
  20  1:48  Overlord  
  20  1:59  Queen x2  
  24  2:01  Zergling x4  
  26  2:08  Metabolic Boost  
  26  2:10  Zergling x2  
  26  2:12  Drone  
  28  2:21  Drone  
  28  2:22  Overlord  
  27  2:32  Baneling Nest  
  27  2:36  Zergling x4  
  26  2:46  Zergling x2  
  26  2:47  Zergling x2  
  28  2:53  Zergling x4  
  30  3:05  Zergling x4  
  32  3:10  Zergling x6  
  35  3:16  Baneling x4  
  35  3:18  Zergling x6  
  38  3:21  Drone  
  38  3:23  Drone  
  40  3:30  Overlord  
  40  3:41  Zergling x6  
  38  3:44  Baneling x4  
  37  3:58  Drone x3  
  37  3:59  Drone x2  
  38  4:07  Drone x3  
  38  4:13  Drone  
  38  4:22  Baneling x2  
  38  4:23  Baneling x2  
  37  4:25  Drone x3  
  37  4:29  Spine Crawler  
  39  4:32  Zergling x4  
  39  4:35  Drone  
  42  4:38  Drone  
  42  4:39  Drone x2  
  45  4:46  Queen, Drone  
  47  4:59  Overlord x2  
  47  5:04  Zergling x10  
  49  5:07  Extractor  
  49  5:08  Extractor  
  49  5:10  Lair  
  49  5:13  Drone x2  
  48  5:28  Drone x2  
  42  5:29  Drone x2  
  42  5:30  Drone x3  
  42  5:31  Drone  
  49  5:36  Drone, Extractor  
  49  5:37  Drone  
  50  5:43  Drone  
  50  5:47  Overlord  
  51  5:55  Drone  
  51  5:56  Drone  
  53  5:57  Drone  
  54  6:11  Spire  
  54  6:18  Zergling x12  
  59  6:26  Overlord  
  59  6:27  Drone  
  59  6:28  Drone  
  59  6:30  Hatchery  
  60  6:34  Zergling x2  
  60  6:35  Zergling x2  
  60  6:39  Overlord  
  62  6:44  Overlord  
  62  6:58  Queen  
  64  7:06  Drone  
  64  7:07  Drone  
  66  7:14  Extractor  
  66  7:15  Drone x2  
  66  7:16  Drone x2  
  66  7:17  Drone x2  
  66  7:20  Extractor  
  70  7:23  Mutalisk x6  
  70  7:28  Mutalisk x2  
  86  7:30  Zerg Flyer Weapons Level 1  
  86  7:34  Mutalisk x2  
  90  7:37  Overlord  
  90  7:43  Overlord  
  90  7:45  Drone x2  
  92  7:51  Mutalisk x2  
  92  7:56  Overlord  
  92  7:57  Drone x3  
  99  8:01  Spine Crawler  
  99  8:04  Drone x3  
  101  8:13  Mutalisk x3  
  103  8:28  Mutalisk x2  
  103  8:32  Drone x5  
  112  8:39  Overlord  
  112  8:47  Spore Crawler  
  112  8:48  Spore Crawler, Drone x2  
  113  8:52  Mutalisk x2  
  113  8:53  Extractor, Mutalisk  
  113  8:55  Hatchery  
  116  8:56  Overlord  
  116  8:57  Extractor  
  115  9:04  Zergling x2  
  115  9:05  Zergling x12  
  122  9:17  Mutalisk x3  
  128  9:25  Zerg Flyer Armor Level 1  
  128  9:29  Overlord x2  
  128  9:32  Drone x3  
  128  9:33  Drone x3  
  134  9:42  Mutalisk x2  
  126  9:53  Mutalisk x2  
  126  9:59  Zergling x6  
  126  10:00  Zergling x16  
  127  10:09  Overlord  
  127  10:12  Mutalisk  
  127  10:13  Mutalisk x2  
  133  10:17  Drone  
  134  10:26  Mutalisk x2  
  135  10:41  Mutalisk  
  135  10:42  Mutalisk x2  
  139  11:03  Mutalisk x4  
  133  11:09  Mutalisk  
  125  11:13  Zergling x26  
  125  11:14  Zergling x24  
  133  11:26  Mutalisk x3  
  127  11:37  Zergling x18  
  134  11:45  Spore Crawler x2  
  134  11:46  Mutalisk x2  
Tags
 

No tags found.

Add a new tag
Caveats
  • Supply blocks, unpowered buildings, or Contaminate may cause inaccurate times.
  • Supply counts are checked every 10 seconds.